 Dungeon Crawl Stone Soup version 0.31-a0-640-g39d97e502b (webtiles) character file.

Game seed: 8119032053651098700

123 ytrimaz the Insei (level 4, 32/32 HPs)
             Began as a Demonspawn Shapeshifter on Aug 28, 2023.
             Quit the game on level 2 of the Dungeon.
             The game lasted 00:02:02 (1813 turns).

ytrimaz the Insei (Demonspawn Shapeshifter)         Turns: 1813, Time: 00:02:03

Health: 32/32      AC:  8    Str: 14    XL:     4   Next: 79%
Magic:  4/4        EV:  7    Int: 13    God:
Gold:   15         SH:  0    Dex: 15    Spells: 3/3 levels left

rFire   . .          .
                       - Unarmed
rCold   . . .        (no shield)
rNeg    . . .        g - +0 chain mail
rPois   .            (helmet currently unavailable)
rElec   .            (cloak currently unavailable)
rCorr   .            (gloves currently unavailable)
SInv    .            (boots currently unavailable)
Will    .....        (no amulet) Stlth
                     (no ring)
HPRegen 0.25/turn    (no ring)
MPRegen 0.09/turn

%: no passive effects
@: beast-form
A: beast (slay +2), powered by pain 1, big brain 1
a: Begin Untransformation


You were on level 2 of the Dungeon.
You were a hulking beast.
You visited 1 branch of the dungeon, and saw 2 of its levels.

You collected 51 gold pieces.
You spent 36 gold pieces at shops.


Innate Abilities, Weirdness & Mutations

You are a hulking beast.
Your limbs bulge with bestial killing power. (Slay +2)
You sometimes gain a little power by taking damage.
You have an unusually large brain. (Int +2)


   Skills:
 - Level 1.0 Fighting
 - Level 1.7 Dodging
 + Level 4.0 Unarmed Combat
 + Level 3.8 Shapeshifting


You had 3 spell levels left.
You didn't know any spells.
Your spell library contained the following spells:

 Spells                   Type           Power      Damage    Failure   Level
 Hailstorm                Conj/Ice       0%         3d3       100%        3
 Summon Ice Beast         Ice/Summ       0%         N/A       100%        4
 Simulacrum               Ice/Necr       0%         N/A       100%        6

Inventory:

Armour
 a - a +0 animal skin
 g - a +0 chain mail (worn)
   (You found it on level 1 of the Dungeon)
Talismans
 c - a beast talisman (active)
 d - a flux talisman
Scrolls
 e - a scroll of poison {unknown}
 f - 3 scrolls of identify {unknown}
 h - a scroll of silence {unknown}
 j - 2 scrolls of amnesia {unknown}
 l - a scroll of noise {unknown}
 p - a scroll of blinking {unknown}
Potions
 b - a potion of lignification
 i - a potion of degeneration {unknown}
 k - 2 potions of heal wounds {unknown}
 m - a potion of attraction {unknown}
 n - a potion of might {unknown}
 o - a potion of curing {unknown}

Dungeon Overview and Level Annotations

Branches:
Dungeon (2/15) Zot: 10174

Altars:

Shops:
D:2 ?(*[!

Annotations:
D:2 Natasha

#......####### ###...
#......'.....# #....>
#......#####+######.###.
##.....................#.
##...............####.#.#.
#................# #.#.#.
#.8.∩.<.8........# #.#...
###..............# #.####
#####......h.......####.....
##.......................####
#..####'#.........h....).#
#.#####.####.............#
#.###...###..............#
#.†......##.#####....#####
####..∩..##. #....# #......'.
#....# ##...### #....#


You could see Natasha (wandering).


Message History

Natasha claws you but does no damage.
The cerulean imp hits you but does no damage.
The hobgoblin hits you but does no damage.
Unknown command.
You hit Natasha. Natasha claws you.
* * * LOW HITPOINT WARNING * * *
The cerulean imp hits you but does no damage.
The hobgoblin closely misses you. Natasha casts a spell at you.
You feel as though you will be slow longer. 😨 HP[-2]
You take 2 damage, and now have 13/32 hp.
You hit Natasha.
The cerulean imp hits you with a +2 spear.
* * * LOW HITPOINT WARNING * * *
The hobgoblin barely misses you. Natasha claws you but does no damage.
The cerulean imp hits you but does no damage.
The hobgoblin hits you but does no damage.
Unknown command. 😱 HP[-5]
You take 5 damage, and now have 8/32 hp.
You punch Natasha!
You kill Natasha!
Natasha yowls pathetically as she dies!
The cerulean imp disappears in a puff of smoke!
The hobgoblin hits you but does no damage.
Your Unarmed Combat skill increases to level 4!
Unknown command.
You see here the felid corpse of Natasha. 😨 HP[+1]
The hobgoblin attacks as it pursues you!
The hobgoblin hits you.
* * * LOW HITPOINT WARNING * * *
The hobgoblin hits you but does no damage.
Unknown command. 😱 HP[-1]
You take 1 damage, and now have 8/32 hp.
You hit the hobgoblin. The hobgoblin closely misses you.
Unknown command.
You punch the hobgoblin!
You kill the hobgoblin! 😨 HP[+1]
You see here the felid corpse of Natasha.
Unknown command.
You feel yourself speed up.
Key pressed, stopping explore.
There is an open door here.
Key pressed, stopping explore.
You open the large door.
A ball python comes into view.
The ball python hisses angrily. 😎 HP[+23]
Your hp is fully restored (32).
Unknown command.
A ball python is nearby!
A ball python is nearby!
A ball python is nearby!
Unknown command.
Found 12 gold pieces.
Found Ihuenwexo's Antique Weapon Shoppe.
The ball python bites you but does no damage.
The ball python closely misses you. The ball python bites you.
The ball python completely misses you.
There is a large open door here.
Unknown command. 😕 HP[-3]
You take 3 damage, and now have 29/32 hp.
You punch the ball python!
You kill the ball python! 😕 HP[+1] No target in view!
A kobold comes into view. It is wielding a +0 short sword.
There is a large open door, spattered with blood here.
A bat comes into view.
The bat hits you but does no damage.
Unknown command.
You punch the bat!
You kill the bat! 😕 HP[+1]
You hit the kobold.
You kill the kobold!
You now have 15 gold pieces (gained 12).
There is an entrance to Ihuenwexo's Antique Weapon Shoppe here. 😎 HP[+1]
Your hp is fully restored (32).
You open the large door.
Found Wois's Magic Scroll Shop.
There is a large open door here.
There is a large open door here.
There is an entrance to Wois's Magic Scroll Shop here.
p - a scroll labelled MARGHO JERA
Found a stone staircase leading down.
Key pressed, stopping explore.
You see here the felid skeleton of Natasha.
You see here a +0 trident.
There is an open door here.
Key pressed, stopping explore.
There is an open door here.
Natasha, Servant of Life and Death comes into view.
Are you sure you want to abandon this character and quit the game? (Confirm with "yes".)

Skill      XL: |  1  2  3  4 |
---------------+-------------+-----
Unarmed Combat | 3 4 |  4.0
Shapeshifting  | 3 |  3.8
Fighting       | |  1.0
Dodging        | |  1.7

Action                     |  1- 3 |  4- 6 || total
---------------------------+-------+-------++-------
  Melee: Unarmed           |   109 |    38 ||   147
         Punch             |     1 |     1 ||     2
    Use: Potion            |       |     1 ||     1
   Stab: Sleeping          |     1 |       ||     1
 Armour: Chain mail        |    67 |    21 ||    88
         Animal skin       |     4 |       ||     4
         Skin              |       |     8 ||     8
  Dodge: Dodged            |    52 |    12 ||    64

Levels and vault maps discovered:
D:1:      mrwooster_arrival_statue_2, layout_basic,
          hangedman_abyss_or_decor_lesser_grid
D:2:      layout_basic, serial_shops, shop, nicolae_shop_rolling_square,
          shop_statue, nicolae_shop_crystal, nicolae_shop_peninsula,
          uniq_natasha

Notes
Turn   | Place    | Note
-------+----------+-------------------------------------------
     0 | D:1      | ytrimaz the Demonspawn Shapeshifter began the quest for the
                  | Orb.
     0 | D:1      | Reached XP level 1. HP: 15/15 MP: 1/1
     0 | D:1      | magus.rc [v1.9.6]
   116 | D:1      | You pick up a book of the Tundra and begin reading...
   116 | D:1      | You add the spells Hailstorm, Summon Ice Beast and
                  | Simulacrum to your library.
   138 | D:1      | Reached skill level 3 in Unarmed Combat
   138 | D:1      | Gained mutation: You sometimes gain a little power by
                  | taking damage. [demonic ancestry]
   138 | D:1      | Reached XP level 2. HP: 14/21 MP: 2/2
   205 | D:1      | Reached skill level 3 in Shapeshifting
   385 | D:1      | You fall into a shaft and drop 1 floor!
   385 | D:2      | Found Qosameq's Assorted Antiques.
   424 | D:2      | Found Japrogoe's Antique Armour Boutique.
   438 | D:2      | Reached XP level 3. HP: 23/26 MP: 3/3
  1077 | D:2      | HP: 6/26 [bat (1)]
  1092 | D:2      | HP: 5/26 [endoplasm (2)]
  1267 | D:2      | Found Ninucuxzeth's Distillery.
  1275 | D:2      | Bought a potion of lignification for 36 gold pieces
  1430 | D:2      | Noticed Natasha
  1433 | D:2      | Gained mutation: You have an unusually large brain. (Int
                  | +2) [demonic ancestry]
  1433 | D:2      | Reached XP level 4. HP: 29/32 MP: 4/4
  1449 | D:2      | HP: 6/32 [cerulean imp/+2 spear[Natasha] (4)]
  1451 | D:2      | Killed Natasha
  1567 | D:2      | Noticed Natasha
  1577 | D:2      | HP: 8/32 [cerulean imp/+2 spear[Natasha] (6)]
  1578 | D:2      | Killed Natasha
  1579 | D:2      | Reached skill level 4 in Unarmed Combat
  1684 | D:2      | Found Ihuenwexo's Antique Weapon Shoppe.
  1726 | D:2      | Found Wois's Magic Scroll Shop.
  1812 | D:2      | Noticed Natasha
  1813 | D:2      | Quit the game

Vanquished Creatures
  Natasha (twice) (D:2)
  2 adders (D:2)
  2 dart slugs (D:1)
  6 endoplasms
  8 goblins
  4 hobgoblins
  2 jackals (D:2)
  4 kobolds
  4 quokkas (D:1)
  5 ball pythons
  5 bats
  5 frilled lizards
  2 rats (D:2)
51 creatures vanquished.

Table legend:
 A = Non-vault XP
 B = Vault XP
 C = Vault XP percentage of total XP
 D = Non-vault monster count
 E = Vault monster count
 F = Vault count percentage of total count
                 A         B        C        D         E       F
            +---------+---------+-------+---------+---------+-------
      Total |     143 |      33 |  18.8 |      50 |       1 |   2.0
            +---------+---------+-------+---------+---------+-------
        D:1 |      48 |       0 |   0.0 |      26 |       0 |   0.0
        D:2 |      95 |      33 |  25.8 |      24 |       1 |   4.0
            +---------+---------+-------+---------+---------+-------

Skill      XL: |  1  2  3  4 |
---------------+-------------+-----
Unarmed Combat | 3 4 |  4.0
Shapeshifting  | 3 |  3.8
Fighting       | |  1.0
Dodging        | |  1.7

Action                     |  1- 3 |  4- 6 || total
---------------------------+-------+-------++-------
  Melee: Unarmed           |   109 |    38 ||   147
         Punch             |     1 |     1 ||     2
    Use: Potion            |       |     1 ||     1
   Stab: Sleeping          |     1 |       ||     1
 Armour: Chain mail        |    67 |    21 ||    88
         Animal skin       |     4 |       ||     4
         Skin              |       |     8 ||     8
  Dodge: Dodged            |    52 |    12 ||    64

Illustrated notes

Table legend:
 A = Kills in this place as a percentage of kills in the entire game.
 B = Kills by you in this place as a percentage of kills by you in the entire game.
 C = Kills by friends in this place as a percentage of kills by friends in the entire game.
 D = Other kills in this place as a percentage of other kills in the entire game.
 E = Experience gained in this place as a percentage of experience gained in the entire game.
 F = Experience gained in this place divided by the number of levels of this place that you have seen.
                   A       B       C       D       E      F
               +-------+-------+-------+-------+-------+----------------------
         Total | 100.0 | 100.0 |   N/A |   N/A | 100.0 |  88.0
       Dungeon | 100.0 | 100.0 |   N/A |   N/A | 100.0 |  88.0
               +-------+-------+-------+-------+-------+----------------------

Table legend: (Time is in decaauts)
 A = Elapsed time spent in this place.
 B = Non-inter-level travel time spent in this place.
 C = Inter-level travel time spent in this place.
 D = Time resting spent in this place.
 E = Time spent auto-exploring this place.
 F = Levels seen in this place.
 G = Mean time per level.
                   A        B        C        D        E       F      G
               +--------+--------+--------+--------+--------+-----+--------+
         Total |   1825 |   1795 |     30 |      0 |   1439 |   2 |  912.5 |
       Dungeon |   1825 |   1795 |     30 |      0 |   1439 |   2 |  912.5 |
               +--------+--------+--------+--------+--------+-----+--------+

Top non-repeatable levels by time:
     D:1: 1006 daAuts
     D:2: 819 daAuts
